 Dungeon Sprint DCSS version 0.20-a0-315-g8346a86 (webtiles) character file.

4407 profreshinal the Imperceptible (level 10, 37/37 HPs)
             Began as a Felid Enchanter on Dec 20, 2016.
             Was the Champion of Dithmenos.
             Quit the game in the Dungeon (Sprint I: "Red Sonja").
             The game lasted 00:31:50 (3200 turns).

profreshinal the Imperceptible (Felid Enchanter)    Turns: 3200, Time: 00:31:51

Health: 37/37      AC:  5    Str:  8    XL:     10   Next: 14%
Magic:  27/27      EV: 19    Int: 21    God:    Dithmenos [******]
Gold:   362        SH:  0    Dex: 15    Spells: 17/33 levels left
                                        Lives:  0   Deaths: 2

rFire  . . .     SeeInvis +       - Unarmed
rCold  + . .     Gourm    .     (armour unavailable)
rNeg   . . .     Faith    .     (shield unavailable)
rPois  .         Spirit   .     (helmet unavailable)
rElec  .         Reflect  .     (cloak unavailable)
rCorr  .         Harm     .     (gloves unavailable)
MR     +....     Clarity  +     (boots unavailable)
Stlth  ++++++++++ NoTele   +    (no amulet)
                                (no ring)
                                (no ring)

@: wreathed by umbra, quick
A: no armour, no weapons or thrown items, stealth, claws 1, fangs 3, slimy green
scales 1, see invisible, carnivore 3, clarity, clumsy 1, speed 1, frail 1,
shaggy fur 3, slow metabolism 1, strong 2, evolution 1, subdued magic 3, sharp
paws
a: Shadow Step, Shadow Form, Renounce Religion


You were in the Dungeon.
You worshipped Dithmenos.
Dithmenos was exalted by your worship.
You were not hungry.

You visited 1 branch You collected 1946 gold pieces.
You spent 1584 gold pieces at shops.

Inventory:

Wands
 r - a wand of digging (4/24)
Scrolls
 h - 2 scrolls of blinking
 m - a scroll of silence {unknown}
 q - a scroll of identify
Potions
 c - 7 potions of curing
 d - 2 potions of heal wounds
 e - a potion of haste
 f - 2 potions of magic
 g - a potion of brilliance {unknown}
 i - a potion of flight
 j - a potion of lignification {unknown}
 k - a potion of ambrosia {unknown}
 o - a potion of cancellation {unknown}
 p - a potion of resistance
Books
 a - a book of Maledictions

   Spells                             Type                      Level
   a - Corona                         Hexes                        1
   b - Ensorcelled Hibernation        Hexes/Ice                    2
   c - Confuse                        Hexes                        3
   d - Tukima's Dance                 Hexes                        3
   e - Dazzling Spray                 Conjuration/Hexes            3
 n - a book of Misfortune

   Spells                             Type                      Level
   a - Confusing Touch                Hexes                        1
   b - Confuse                        Hexes                        3
   c - Gell's Gravitas                Hexes/Translocation          3
   d - Petrify                        Transmutation/Earth          4
   e - Metabolic Englaciation         Hexes/Ice                    5
   f - Yara's Violent Unravelling     Hexes/Transmutation          5
Comestibles
 b - 2 meat rations


   Skills:
 + Level 3.0 Fighting
 + Level 4.1 Dodging
 + Level 24.8 Stealth
 + Level 14.0 Unarmed Combat
 - Level 12.2 Spellcasting
 + Level 18.2 Hexes
 + Level 2.1 Transmutations
 + Level 1.9 Ice Magic
 + Level 1.4 Invocations


You had 17 spell levels left.
You knew the following spells:

 Your Spells              Type           Power        Failure   Level  Hunger
a - Corona                Hex            #####..      0%          1    None
b - Ensorcelled Hibernat  Hex/Ice        ####..       0%          2    None
c - Confuse               Hex            #####...     0%          3    None
d - Metabolic Englaciati  Hex/Ice        ####......   1%          5    ####...
e - Yara's Violent Unrav  Hex/Tmut       ####......   1%          5    ####...


Dungeon Overview and Level Annotations

Branches:
Dungeon (1/1)

Altars:
Cheibriados
Dithmenos
Elyvilon
Fedhas
Gozag
Hepliaklqana
Kikubaaqudgha
Makhleb
Nemelex Xobeh
Okawaru
Qazlal
Ru
Sif Muna
Trog
Uskayaw
Vehumet
Xom
Yredelemnul
Zin
The Shining One
Jiyva
Lugonu

Shops:
D %}(*![[(*:*}%![(%%*[!


Innate Abilities, Weirdness & Mutations

You cannot wear armour.
You are incapable of wielding weapons or throwing items.
Your paws allow you to move quietly. (Stealth)
You have sharp claws.
You have razor-sharp teeth.
You have supernaturally acute eyesight. (SInv)
You are carnivorous and can eat meat at any time.
You cover ground quickly.
Your thick and shaggy fur keeps you warm. (AC +3, rC+)
You have a slow metabolism.
Your sharp claws are effective at attacking unaware monsters.
You are partially covered in slimy green scales. (AC +2)
You possess an exceptional clarity of mind.
You are clumsy. (Dex -2)
You are frail. (-10% HP)
Your muscles are very strong. (Str +4)
You evolve.
Your spells are much easier to cast, but much less powerful.


Message History

Aiming: Ensorcelled Hibernation
Press: ? - help, Shift-Dir - straight line, f/p - unseen horror
Aim: an unseen horror (slightly transparent, umbra, chance to defeat MR: 57%)
The unseen horror looks drowsy...
The unseen horror hits you!
* * * LOW HITPOINT WARNING * * *
The unseen horror misses you.
The helpless unseen horror fails to defend itself.
You eviscerate the unseen horror!!!!!
You kill the unseen horror!
Dithmenos accepts your kill.
Your Fighting skill increases to level 3!
Your Dodging skill increases to level 4!
Your Unarmed Combat skill increases to level 14!
Your Transmutations skill increases to level 2!
Your Invocations skill increases to level 1!
The unseen horror hits you!
You die...
You are now level 10!
You rejoin the land of the living...
Are you sure you want to abandon this character and quit the game? (Confirm with "yes".)

..##'####^.$#y#.##$$$#m§##,,,,*,∩
§.#..§§.#.§§###..###$#§§≈###+**,,
.§#..§§.'.§$$§##.#.#x#§.≈.y#,****
#'###§§.#.§§§§#...##$#.)≈.##+*,,,
#.'.#§§^###§§##.##...#..≈##,,,,,,
###.#§§###§§###x.#'###..4#,,,,,,,
∩##.#§.####A§###†..#,≈..##,,,,,,,
###§##'#..#)$#$###.#M≈..#,,,,,,,,
.##§##.#$$.$$$§§@#.###..#,,,,,,,,
§.§§####A$$$$§$$$#x#,+..#*,,,,,,,
###.#.('..$$$$####+#,##'#*,,,,,,,
.§#§#####...###,,,,*,*≈≈≈**,,,,,,
§#§.#,,,#####,,,****,*≈≈≈≈**,,,,,
≈####,,,,,,,,,***,,,,*≈≈≈≈≈******
§#*,,,,,,,*****,,,,****≈≈≈≈*≈≈≈≈≈
##*,,,,,,**,,,,,,,,*,,*'≈≈≈'≈≈,≈≈
# *,,,,,**,,,,,,,,,*,,,**≈≈*≈≈≈≈≈


There were no monsters in sight!

Vanquished Creatures
  A deep elf annihilator (D)
  A hydra (D)
  2 centaur warriors (D)
  Sonja (D)
  A deep troll (D)
  5 unseen horrors (D)
  A lindwurm (D)
  8 shining eyes (D)
  An oklob plant (D)
  A merfolk siren (D)
  A gargoyle (D)
  4 demonic crawlers (D)
  2 kobold demonologists (D)
  A slime creature (D)
  3 hornets (D)
  A yak (D)
  Sigmund (D)
  2 redbacks (D)
  13 hogs (D)
  7 floating eyes (D)
  7 necrophages (D)
  An ogre (D)
  8 jellies (D)
  Ijyb (D)
  2 ballistomycetes (D)
76 creatures vanquished.

Vanquished Creatures (others)
  the Lernaean hydra (D)
  A merfolk siren (D)
  A gargoyle (D)
  2 hornets (D)
  2 ballistomycete spores (D)
7 creatures vanquished.

Grand Total: 83 creatures vanquished

Notes
Turn   | Place    | Note
-------+----------+-------------------------------------------
     0 | D        | profreshinal the Felid Enchanter began the quest for the Orb.
     0 | D        | Reached XP level 1. HP: 7/7 MP: 4/4
     1 | D        | Noticed Ijyb
    14 | D        | Killed Ijyb
    14 | D        | Reached skill level 7 in Stealth
    14 | D        | Reached XP level 2. HP: 10/11 MP: 3/6
   138 | D        | Noticed an ogre
   140 | D        | Killed an ogre
   140 | D        | Reached skill level 11 in Stealth
   140 | D        | Reached skill level 5 in Unarmed Combat
   140 | D        | Reached XP level 3. HP: 14/14 MP: 7/7
   140 | D        | Reached XP level 4. HP: 18/18 MP: 8/8
   159 | D        | Noticed Sigmund
   161 | D        | Killed Sigmund
   161 | D        | Reached skill level 13 in Stealth
   161 | D        | Reached XP level 5. HP: 21/21 MP: 8/11
   173 | D        | Found a deep blue altar of Sif Muna.
   175 | D        | Found a radiant altar of Vehumet.
   179 | D        | Gained mutation: You are covered in thick fur. (AC +2) [Felid growth]
   179 | D        | Reached XP level 6. HP: 24/24 MP: 9/13
   198 | D        | Found Ryedwat's General Store.
   198 | D        | Found an ancient bone altar of Kikubaaqudgha.
   198 | D        | Found a hazy altar of Hepliaklqana.
   198 | D        | Found a hide-covered altar of Uskayaw.
   198 | D        | Found a basalt altar of Yredelemnul.
   198 | D        | Found an opulent altar of Gozag.
   198 | D        | Found a snail-covered altar of Cheibriados.
   198 | D        | Found a sacrificial altar of Ru.
   198 | D        | Found a shadowy altar of Dithmenos.
   198 | D        | Noticed a yak
   199 | D        | Found a stormy altar of Qazlal.
   199 | D        | Found a blossoming altar of Fedhas.
   199 | D        | Found a bloodstained altar of Trog.
   199 | D        | Found an iron altar of Okawaru.
   199 | D        | Found a glowing silver altar of Zin.
   209 | D        | Learned a level 2 spell: Ensorcelled Hibernation
   214 | D        | Learned a level 3 spell: Confuse
   219 | D        | Killed a yak
   219 | D        | Reached skill level 14 in Stealth
   225 | D        | Found a glowing golden altar of the Shining One.
   225 | D        | Found a white marble altar of Elyvilon.
   227 | D        | Found a sparkling altar of Nemelex Xobeh.
   233 | D        | Became a worshipper of Dithmenos the Shadowed
   236 | D        | Bought a potion of curing for 39 gold pieces
   236 | D        | Bought a potion of flight for 39 gold pieces
   241 | D        | Noticed Sonja
   245 | D        | Killed Sonja
   245 | D        | Reached skill level 16 in Stealth
   245 | D        | Reached skill level 10 in Hexes
   245 | D        | Reached XP level 7. HP: 27/27 MP: 8/17
   529 | D        | Noticed a deep troll
   533 | D        | Killed a deep troll
   533 | D        | Reached skill level 17 in Stealth
   533 | D        | Reached XP level 8. HP: 31/31 MP: 13/19
   543 | D        | Found Popev's Armour Emporium.
   606 | D        | Found Zilaom's Food Boutique.
   633 | D        | Noticed a centaur warrior
   641 | D        | Noticed a centaur warrior
   668 | D        | Found a viscous altar of Jiyva.
   668 | D        | Found a corrupted altar of Lugonu.
   668 | D        | Noticed a slime creature
   669 | D        | Found a burning altar of Makhleb.
   669 | D        | Found a shimmering altar of Xom.
   671 | D        | Killed a slime creature
   671 | D        | Reached * piety under Dithmenos
   763 | D        | Noticed a kobold demonologist
   764 | D        | Noticed a kobold demonologist
   767 | D        | Killed a kobold demonologist
   767 | D        | Reached ** piety under Dithmenos
   767 | D        | Reached skill level 18 in Stealth
   767 | D        | Reached XP level 9. HP: 34/34 MP: 21/21
   769 | D        | Killed a kobold demonologist
   769 | D        | Reached skill level 10 in Unarmed Combat
   795 | D        | Noticed a shining eye
   795 | D        | Noticed a shining eye
   795 | D        | Noticed a shining eye
   807 | D        | Paralysed by a floating eye for 3 turns
   820 | D        | Gained mutation: Your spells are a little easier to cast, but a little less powerful. [a shining eye]
   839 | D        | Gained mutation: You are frail. (-10% HP) [a shining eye]
   845 | D        | Killed a shining eye
   845 | D        | Reached skill level 19 in Stealth
   859 | D        | Killed a centaur warrior
   860 | D        | Killed a centaur warrior
   860 | D        | Reached *** piety under Dithmenos
   860 | D        | Reached skill level 20 in Stealth
   860 | D        | Reached XP level 10. HP: 33/33 MP: 18/24
   887 | D        | Noticed an oklob plant
   889 | D        | Killed an oklob plant
   901 | D        | Reached **** piety under Dithmenos
   901 | D        | Reached skill level 21 in Stealth
   914 | D        | Noticed an unseen horror
   915 | D        | Noticed an unseen horror
   924 | D        | Killed an unseen horror
   926 | D        | Killed an unseen horror
   926 | D        | Reached skill level 10 in Spellcasting
   926 | D        | Reached skill level 15 in Hexes
  1085 | D        | Reached ***** piety under Dithmenos
  1490 | D        | Reached ****** piety under Dithmenos
  1490 | D        | Reached skill level 22 in Stealth
  1506 | D        | Found Teifo's Weapon Shoppe.
  1506 | D        | Found Oskota's Antique Armour Shop.
  1506 | D        | Found Xadypse's General Store.
  1508 | D        | Found Megab's Book Emporium.
  1508 | D        | Found Fiubixor's Assorted Antiques.
  1508 | D        | Found Kanemoj's Gadget Shoppe.
  1508 | D        | Found Luar's Food Boutique.
  1508 | D        | Found Rifipsaopn's Distillery.
  1508 | D        | Found Wiaxoss's Antique Armour Shop.
  1508 | D        | Found Itomaohi's Weapon Shoppe.
  1511 | D        | Found Kiofijo's Food Boutique.
  1512 | D        | Bought a book of Misfortune for 260 gold pieces
  1512 | D        | Found Maf Jush's Assorted Antiques.
  1512 | D        | Found Ikug's Food Boutique.
  1513 | D        | Found Mum Wee's Distillery.
  1530 | D        | Bought a scroll labeled YTTUOK EMOUCLO for 31 gold pieces
  1531 | D        | Bought a scroll labeled PATUOL PEUNEARGH for 31 gold pieces
  1532 | D        | Bought a scroll labeled FUOPEF ILYPHUI for 31 gold pieces
  1535 | D        | Bought a glowing emerald potion for 27 gold pieces
  1538 | D        | Bought a potion of degeneration for 13 gold pieces
  1538 | D        | Bought a potion of resistance for 130 gold pieces
  1538 | D        | Bought a potion of curing for 39 gold pieces
  1542 | D        | Bought a scroll of blinking for 135 gold pieces
  1542 | D        | Bought a scroll labeled DEAPHE TECITZ for 18 gold pieces
  1542 | D        | Bought a scroll labeled TUVUGO RUFOMO for 18 gold pieces
  1544 | D        | Bought a potion of heal wounds for 90 gold pieces
  1544 | D        | Bought a scroll of identify for 36 gold pieces
  1544 | D        | Bought a scroll of identify for 36 gold pieces
  1546 | D        | Bought 2 potions of heal wounds for 140 gold pieces
  1546 | D        | Bought a potion of curing for 42 gold pieces
  1546 | D        | Bought a potion of haste for 140 gold pieces
  1714 | D        | Gained mutation: Your spells are easier to cast, but less powerful. [a shining eye]
  1729 | D        | Gained mutation: You are clumsy. (Dex -2) [a shining eye]
  1734 | D        | Gained mutation: You are surrounded by a mild repulsion field. (EV +2) [a shining eye]
  1743 | D        | Killed a shining eye
  1808 | D        | Noticed a shining eye
  1808 | D        | Noticed a shining eye
  1808 | D        | Noticed a shining eye
  1809 | D        | Noticed a shining eye
  1809 | D        | Noticed a shining eye
  1810 | D        | Killed a shining eye
  1812 | D        | Reached XP level 11. HP: 35/35 MP: 26/26
  1814 | D        | Killed a shining eye
  1817 | D        | Found Lual's Gadget Shoppe.
  1817 | D        | Found Beggooh's Antique Weapon Emporium.
  1817 | D        | Gained mutation: You evolve. [a shining eye]
  1818 | D        | Found Xagufof's Distillery.
  1818 | D        | Found Efaucarpha's Antique Armour Boutique.
  1822 | D        | Gained mutation: Your muscles are strong. (Str +2) [a shining eye]
  1823 | D        | Killed a shining eye
  1827 | D        | Killed a shining eye
  1828 | D        | Gained mutation: You occasionally shout uncontrollably at your foes. [a shining eye]
  1838 | D        | Lost mutation: You are surrounded by a mild repulsion field. (EV +2) [a shining eye]
  1840 | D        | Killed a shining eye
  1840 | D        | Reached skill level 23 in Stealth
  1842 | D        | Gained mutation: You sometimes yell uncontrollably at your foes. [a shining eye]
  1848 | D        | Gained mutation: Your spells are much easier to cast, but much less powerful. [a shining eye]
  1849 | D        | Killed a shining eye
  1921 | D        | Bought a potion of mutation for 32 gold pieces
  1921 | D        | Bought a potion of mutation for 32 gold pieces
  1925 | D        | Lost mutation: You sometimes yell uncontrollably at your foes. [potion of mutation]
  1925 | D        | Gained mutation: Your muscles are very strong. (Str +4) [potion of mutation]
  1926 | D        | Lost mutation: You occasionally shout uncontrollably at your foes. [potion of mutation]
  1926 | D        | Gained mutation: You have a pair of small horns on your head. [potion of mutation]
  1927 | D        | Lost mutation: You have a pair of small horns on your head. [potion of mutation]
  1928 | D        | Bought a potion of mutation for 45 gold pieces
  1928 | D        | Gained mutation: You are partially covered in slimy green scales. (AC +2) [potion of mutation]
  1952 | D        | Learned a level 5 spell: Metabolic Englaciation
  1958 | D        | Learned a level 5 spell: Yara's Violent Unravelling
  2015 | D        | Noticed a lindwurm
  2017 | D        | Killed a lindwurm
  2070 | D        | Bought a wand of digging (5/24) for 180 gold pieces
  2104 | D        | Gained mutation: You possess an exceptional clarity of mind. [evolution]
  2138 | D        | Reached skill level 24 in Stealth
  2321 | D        | Noticed a daeva
  2343 | D        | Noticed an unseen horror
  2345 | D        | Noticed an unseen horror
  2345 | D        | Noticed an unseen horror
  2345 | D        | Noticed an unseen horror
  2346 | D        | Noticed an unseen horror
  2348 | D        | Killed an unseen horror
  2531 | D        | Noticed a lorocyproca
  2648 | D        | Killed an unseen horror
  2653 | D        | Noticed a 12-headed hydra
  2655 | D        | Killed a 12-headed hydra
  2655 | D        | Reached skill level 1 in Fighting
  2684 | D        | Noticed a deep elf annihilator
  2684 | D        | Noticed a mummy priest
  2700 | D        | Reached skill level 1 in Transmutations
  2700 | D        | Reached skill level 1 in Ice Magic
  2700 | D        | Gained mutation: Your thick and shaggy fur keeps you warm. (AC +3, rC+) [Felid growth]
  2700 | D        | Reached XP level 12. HP: 39/43 MP: 18/29
  2772 | D        | Slain by a lorocyproca
  2773 | D        | Reached XP level 11. HP: 0/38 MP: 14/28
  2998 | D        | Killed a deep elf annihilator
  3145 | D        | Killed the 27-headed Lernaean hydra
  3199 | D        | Killed an unseen horror
  3199 | D        | Reached skill level 1 in Invocations
  3199 | D        | Slain by an unseen horror
  3200 | D        | Reached XP level 10. HP: -4/37 MP: 22/27
  3200 | D        | Quit the game

Vault maps used:
D:        dungeon_sprint_1

Skill      XL: |  1  2  3  4  5  6  7  8  9 10 11 |
---------------+----------------------------------+-----
Stealth        | 7 11 13 16 17 18 20 22 24 | 24.8
Unarmed Combat | 3 5 6 8 9 11 12 14 | 14.0
Spellcasting   | 3 4 6 7 9 10 12 | 12.2
Hexes          | 6 7 10 11 12 14 15 18 | 18.2
Fighting       | 3 |  3.0
Dodging        | 4 |  4.1
Transmutations | 2 |  2.1
Ice Magic      | 1 |  1.9
Invocations    | 1 |  1.4

Action                   |  1- 3 |  4- 6 |  7- 9 | 10-12 || total
-------------------------+-------+-------+-------+-------++-------
Melee: Unarmed           |    11 |     4 |    31 |   131 ||   177
       Bite              |     1 |       |     2 |     5 ||     8
       Punch             |       |       |     3 |     6 ||     9
 Cast: Corona            |     2 |       |       |       ||     2
       Ensorcelled Hiber |       |     4 |     2 |    26 ||    32
       Confuse           |       |       |       |    17 ||    17
Invok: Shadow Step       |       |       |     1 |     6 ||     7
       Shadow Form       |       |       |       |     1 ||     1
Evoke: Wand              |       |       |       |     1 ||     1
  Use: Potion            |     1 |       |       |     8 ||     9
       Scroll            |       |       |       |     7 ||     7
 Stab: Sleeping          |     1 |     4 |     7 |    41 ||    53
       Confused          |       |       |       |     6 ||     6
       Invisible         |       |       |       |     2 ||     2
       Distracted        |       |       |       |     1 ||     1
  Eat: Chunk             |       |     5 |       |     8 ||    13
Armor: Skin              |       |       |       |    12 ||    12
Dodge: Dodged            |     6 |     3 |       |    57 ||    66
